SAAA
ALLOWAY HALBERDS @ ATHLETIC CLUB KC RESERVES
09/15/2021
 
TOP OF THE 1ST
Alloway Halberds batting - Pitching for Athletic Club KC Reserves : RHP Alfredo Ríos
Pitching: RHP Alfredo Ríos
Batting: RHB Orlando López 0-0: Called Strike
0-1: Called Strike
0-2: Foul Ball, location: 2F
0-2: Ball
1-2: Fly out, F7 (Flyball, 78M)
Batting: RHB Pedro Santos 0-0: Called Strike
0-1: Fly out, F8 (Flyball, 8RS)
Batting: RHB Dave Ash 0-0: Swinging Strike
0-1: Ball
1-1: Foul Ball, location: 2F
1-2: Ball
2-2: Foul Ball, location: 2F
2-2: TRIPLE (Groundball, 3L)
Batting: RHB Scotty Anderson 0-0: Called Strike
0-1: DOUBLE (Groundball, 5L)
Dave Ash scores
Batting: SHB Ron Peterson 0-0: Called Strike
0-1: Foul Ball, location: 2F
0-2: Ball
1-2: Strikes out looking
Top of the 1st over - 1 run(s), 2 hit(s), 0 error(s), 1 left on base; Alloway 1 - Athletic Club KC 0
BOTTOM OF THE 1ST
Athletic Club KC Reserves batting - Pitching for Alloway Halberds : LHP Allen Yohemas
Pitching: LHP Allen Yohemas
Batting: RHB Javier Díaz 0-0: Ball
1-0: Ball
2-0: Swinging Strike
2-1: Ball
3-1: Called Strike
3-2: Strikes out swinging
Batting: LHB Thatcher Douglas 0-0: Ball
1-0: Foul Ball, location: 2F
1-1: Ball
2-1: Ground out 6-3 (Groundball, 6M)
Batting: RHB Robert Hill 0-0: Ball
1-0: Ground out 6-3 (Groundball, 56)
Bottom of the 1st over - 0 run(s), 0 hit(s), 0 error(s), 0 left on base; Alloway 1 - Athletic Club KC 0
TOP OF THE 2ND
Alloway Halberds batting - Pitching for Athletic Club KC Reserves : RHP Alfredo Ríos
Batting: LHB Francisco Rivas 0-0: Called Strike
0-1: Fly out, F8 (Flyball, 8RS)
Batting: RHB Juan Martínez 0-0: Called Strike
0-1: Foul Ball, location: 2F
0-2: Ball
1-2: Foul Ball, location: 2F
1-2: Ball
2-2: Ground out 5-3 (Groundball, 5L)
Batting: LHB Luis Gutiérrez 0-0: Called Strike
0-1: Foul Ball, location: 2F
0-2: Foul Ball, location: 2F
0-2: Ball
1-2: Foul Ball, location: 2F
1-2: Ball
2-2: Foul Ball, location: 2F
2-2: Strikes out swinging
Top of the 2nd over - 0 run(s), 0 hit(s), 0 error(s), 0 left on base; Alloway 1 - Athletic Club KC 0
BOTTOM OF THE 2ND
Athletic Club KC Reserves batting - Pitching for Alloway Halberds : LHP Allen Yohemas
Batting: LHB Rafael García 0-0: Called Strike
0-1: DOUBLE (Line Drive, 78D)
Batting: RHB Jason Dunn 0-0: Ball
1-0: Called Strike
1-1: Swinging Strike
1-2: Ball
2-2: Strikes out swinging
Batting: RHB Máximo Padilla 0-0: Called Strike
0-1: SINGLE (Line Drive, 7S)
Rafael García to third
Batting: LHB Eduardo López 0-0: Ball
1-0: Grounds into double play, 5-4-3 (Groundball, 5D)
Bottom of the 2nd over - 0 run(s), 2 hit(s), 0 error(s), 1 left on base; Alloway 1 - Athletic Club KC 0
TOP OF THE 3RD
Alloway Halberds batting - Pitching for Athletic Club KC Reserves : RHP Alfredo Ríos
Batting: RHB Mike Davis 0-0: Ground out 5-3 (Groundball, 5L)
Batting: RHB Orlando López 0-0: Called Strike
0-1: Called Strike
0-2: Ball
1-2: Ball
2-2: Fly out, F8 (Flyball, 8LS)
Batting: RHB Pedro Santos 0-0: SINGLE (Line Drive, 6D)
Batting: RHB Dave Ash 0-0: Called Strike
0-1: Foul Ball, location: 2F
0-2: Strikes out looking
Top of the 3rd over - 0 run(s), 1 hit(s), 0 error(s), 1 left on base; Alloway 1 - Athletic Club KC 0
BOTTOM OF THE 3RD
Athletic Club KC Reserves batting - Pitching for Alloway Halberds : LHP Allen Yohemas
Batting: SHB Evan Adams 0-0: Ball
1-0: Ground out 6-3 (Groundball, 6M)
Batting: LHB Matt Hartnett 0-0: Foul Ball, location: 2F
0-1: Called Strike
0-2: Foul Ball, location: 2F
0-2: Ball
1-2: Strikes out swinging
Batting: RHB Javier Díaz 0-0: Swinging Strike
0-1: Ball
1-1: Ball
2-1: Foul Ball, location: 2F
2-2: Strikes out swinging
Bottom of the 3rd over - 0 run(s), 0 hit(s), 0 error(s), 0 left on base; Alloway 1 - Athletic Club KC 0
TOP OF THE 4TH
Alloway Halberds batting - Pitching for Athletic Club KC Reserves : RHP Alfredo Ríos
Batting: RHB Scotty Anderson 0-0: Ball
1-0: Ball
2-0: Foul Ball, location: 2F
2-1: Ball
3-1: Base on Balls
Batting: SHB Ron Peterson 0-0: Ball
1-0: Called Strike
1-1: Fly out, F7 (Flyball, 7M)
Batting: LHB Francisco Rivas 0-0: Ball
1-0: Ball
2-0: 2-RUN HOME RUN (Flyball, 89XD), Distance : 372 ft
Batting: RHB Juan Martínez 0-0: Called Strike
0-1: Ground out 4-3 (Groundball, 4M)
Batting: LHB Luis Gutiérrez 0-0: Called Strike
0-1: Called Strike
0-2: Ball
1-2: Ball
2-2: Foul Ball, location: 2F
2-2: Ground out U3 (Groundball, 3L)
Top of the 4th over - 2 run(s), 1 hit(s), 0 error(s), 0 left on base; Alloway 3 - Athletic Club KC 0
BOTTOM OF THE 4TH
Athletic Club KC Reserves batting - Pitching for Alloway Halberds : LHP Allen Yohemas
Batting: LHB Thatcher Douglas 0-0: Swinging Strike
0-1: Fly out, F4 (Popup, 34)
Batting: RHB Robert Hill 0-0: Ball
1-0: Ball
2-0: Foul Ball, location: 2F
2-1: Reached on error, E6 (Groundball, 6M)
Batting: LHB Rafael García 0-0: Fly out, F9 (Popup, 9S)
Batting: RHB Jason Dunn 0-0: Called Strike
0-1: Ground out 4-3 (Groundball, 4)
Bottom of the 4th over - 0 run(s), 0 hit(s), 1 error(s), 1 left on base; Alloway 3 - Athletic Club KC 0
TOP OF THE 5TH
Alloway Halberds batting - Pitching for Athletic Club KC Reserves : RHP Alfredo Ríos
Batting: RHB Mike Davis 0-0: Fly out, F9 (Flyball, 89M)
Batting: RHB Orlando López 0-0: Called Strike
0-1: Foul Ball, location: 2F
0-2: Strikes out swinging
Batting: RHB Pedro Santos 0-0: Ball
1-0: Ball
2-0: Foul Ball, location: 2F
2-1: Fly out, F8 (Flyball, 8RM)
Top of the 5th over - 0 run(s), 0 hit(s), 0 error(s), 0 left on base; Alloway 3 - Athletic Club KC 0
BOTTOM OF THE 5TH
Athletic Club KC Reserves batting - Pitching for Alloway Halberds : LHP Allen Yohemas
Batting: RHB Máximo Padilla 0-0: Foul Ball, location: 2F
0-1: Fly out, F4 (Popup, 3D)
Batting: LHB Eduardo López 0-0: Ball
1-0: Ball
2-0: Foul Ball, location: 2F
2-1: Ball
3-1: Base on Balls
Batting: SHB Evan Adams 0-0: Ball
1-0: Swinging Strike
1-1: Fly out, F9 (Flyball, 9LSF)
Batting: LHB Matt Hartnett 0-0: Ball
1-0: Called Strike
1-1: Swinging Strike
1-2: SINGLE (Groundball, 4MD)
Eduardo López to second
Batting: RHB Javier Díaz 0-0: Ball
1-0: SINGLE (Line Drive, 56D)
Eduardo López to third
Matt Hartnett to second
Runner from 3rd tries for Home, SAFE, no throw or cutoff
Batting: LHB Thatcher Douglas 0-0: Called Strike
0-1: Ground out 1-3 (Groundball, 15S)
Bottom of the 5th over - 1 run(s), 2 hit(s), 0 error(s), 2 left on base; Alloway 3 - Athletic Club KC 1
TOP OF THE 6TH
Alloway Halberds batting - Pitching for Athletic Club KC Reserves : RHP Alfredo Ríos
Batting: RHB Dave Ash 0-0: Swinging Strike
0-1: Ball
1-1: Ground out 4-3 (Groundball, 4M)
Batting: RHB Scotty Anderson 0-0: Ball
1-0: Fly out, F8 (Flyball, 8LD)
Batting: SHB Ron Peterson 0-0: Ball
1-0: Swinging Strike
1-1: Ball
2-1: Called Strike
2-2: SINGLE (Line Drive, 78M)
Batting: LHB Francisco Rivas 0-0: Ball
1-0: Ball
2-0: Called Strike
2-1: Called Strike
2-2: Strikes out looking
Top of the 6th over - 0 run(s), 1 hit(s), 0 error(s), 1 left on base; Alloway 3 - Athletic Club KC 1
BOTTOM OF THE 6TH
Athletic Club KC Reserves batting - Pitching for Alloway Halberds : LHP Allen Yohemas
Batting: RHB Robert Hill 0-0: Ball
1-0: Ground out 4-3 (Groundball, 4)
Batting: LHB Rafael García 0-0: Ball
1-0: Ground out 4-3 (Groundball, 34)
Batting: RHB Jason Dunn 0-0: Ball
1-0: Called Strike
1-1: Ball
2-1: Foul Ball, location: 2F
2-2: Ball
3-2: Ground out 5-3 (Groundball, 56)
Bottom of the 6th over - 0 run(s), 0 hit(s), 0 error(s), 0 left on base; Alloway 3 - Athletic Club KC 1
TOP OF THE 7TH
Alloway Halberds batting - Pitching for Athletic Club KC Reserves : RHP Alfredo Ríos
Batting: RHB Juan Martínez 0-0: Called Strike
0-1: Ball
1-1: Called Strike
1-2: Foul Ball, location: 2F
1-2: Ball
2-2: Strikes out swinging
Batting: LHB Luis Gutiérrez 0-0: DOUBLE (Line Drive, 78XD)
Batting: RHB Mike Davis 0-0: Called Strike
0-1: Swinging Strike
0-2: Strikes out swinging
Batting: RHB Orlando López 0-0: Ball
1-0: Ball
2-0: 2-RUN HOME RUN (Flyball, 78XD), Distance : 394 ft
Batting: RHB Pedro Santos 0-0: Ball
1-0: Called Strike
1-1: SINGLE (Groundball, 34D) (infield hit)
Batting: RHB Dave Ash 0-0: Ball
1-0: Foul Ball, location: 2F
1-1: Ground out 6-3 (Groundball, 6)
Top of the 7th over - 2 run(s), 3 hit(s), 0 error(s), 1 left on base; Alloway 5 - Athletic Club KC 1
BOTTOM OF THE 7TH
Athletic Club KC Reserves batting - Pitching for Alloway Halberds : LHP Allen Yohemas
Batting: RHB Máximo Padilla 0-0: Called Strike
0-1: Swinging Strike
0-2: Ball
1-2: Ball
2-2: Ball
3-2: Foul Ball, location: 2F
3-2: Foul Ball, location: 2F
3-2: Ground out 6-3 (Groundball, 6S)
Batting: LHB Eduardo López 0-0: Called Strike
0-1: Ball
1-1: Called Strike
1-2: Ball
2-2: Strikes out swinging
Batting: SHB Evan Adams 0-0: Called Strike
0-1: Swinging Strike
0-2: Ground out 5-3 (Groundball, 56)
Bottom of the 7th over - 0 run(s), 0 hit(s), 0 error(s), 0 left on base; Alloway 5 - Athletic Club KC 1
TOP OF THE 8TH
Alloway Halberds batting - Pitching for Athletic Club KC Reserves : RHP Alfredo Ríos
Batting: RHB Scotty Anderson 0-0: Ball
1-0: Ball
2-0: Foul Ball, location: 2F
2-1: Called Strike
2-2: Foul Ball, location: 2F
2-2: SINGLE (Groundball, 56D)
Batting: SHB Ron Peterson 0-0: Fly out, F5 (Popup, 5)
Batting: LHB Francisco Rivas 0-0: Ball
1-0: SINGLE (Flyball, 78S)
Scotty Anderson to second
Pitching: LHP Stanley Anderson
Batting: RHB Juan Martínez 0-0: Foul Ball, location: 2F
0-1: Swinging Strike
0-2: Foul Ball, location: 2F
0-2: Strikes out swinging
Batting: LHB Luis Gutiérrez 0-0: Called Strike
0-1: Fly out, F7 (Flyball, 7S)
Top of the 8th over - 0 run(s), 2 hit(s), 0 error(s), 2 left on base; Alloway 5 - Athletic Club KC 1
BOTTOM OF THE 8TH
Athletic Club KC Reserves batting - Pitching for Alloway Halberds : LHP Allen Yohemas
Batting: LHB Matt Hartnett 0-0: Ball
1-0: Called Strike
1-1: Ball
2-1: Swinging Strike
2-2: Ground out 4-3 (Groundball, 4M)
Batting: RHB Javier Díaz 0-0: Called Strike
0-1: Foul Ball, location: 2F
0-2: Strikes out swinging
Batting: LHB Thatcher Douglas 0-0: Called Strike
0-1: Ground out 4-3 (Groundball, 4)
Bottom of the 8th over - 0 run(s), 0 hit(s), 0 error(s), 0 left on base; Alloway 5 - Athletic Club KC 1
TOP OF THE 9TH
Alloway Halberds batting - Pitching for Athletic Club KC Reserves : LHP Stanley Anderson
Batting: RHB Mike Davis 0-0: Ball
1-0: Ball
2-0: Fly out, F8 (Flyball, 78M)
Batting: RHB Orlando López 0-0: Ground out 6-3 (Groundball, 6)
Batting: RHB Pedro Santos 0-0: Fly out, F8 (Flyball, 8LM)
Top of the 9th over - 0 run(s), 0 hit(s), 0 error(s), 0 left on base; Alloway 5 - Athletic Club KC 1
BOTTOM OF THE 9TH
Athletic Club KC Reserves batting - Pitching for Alloway Halberds : LHP Allen Yohemas
Batting: RHB Robert Hill 0-0: Called Strike
0-1: SINGLE (Groundball, 56D)
Batting: LHB Rafael García 0-0: Ball
1-0: Ball
2-0: Ball
3-0: Called Strike
3-1: DOUBLE (Line Drive, 89XD)
Robert Hill to third
Runner from 3rd tries for Home, SAFE, no throw or cutoff
Pitching: RHP Truman Valentine
Batting: RHB Jason Dunn 0-0: Ball
1-0: Ball
2-0: Foul Ball, location: 2F
2-1: Foul Ball, location: 2F
2-2: Fly out, F9 (Flyball, 89M)
Batting: RHB Máximo Padilla 0-0: Called Strike
0-1: Swinging Strike
0-2: Ball
1-2: Strikes out swinging
Batting: LHB Eduardo López 0-0: Ground out 4-3 (Groundball, 34)
Bottom of the 9th over - 1 run(s), 2 hit(s), 0 error(s), 1 left on base; Alloway 5 - Athletic Club KC 2
This league is powered by Out of the Park Baseball, the baseball management simulation game for PC, Mac and Linux
Friday, January 22nd, 2016 - OOTP Baseball 16.9 Build 39